 Dungeon Crawl Stone Soup version 0.30-b1-2-g02819fbbbe (webtiles) character file.

Game seed: 2944201146781454691

7319 Armakuni the Destroyer (level 10, -28/73 HPs)
             Began as a Demigod Reaver on May 14, 2023.
             Killed by an exploding orc wizard (36 damage)
             ... ignited by their inner flame
             ... on level 1 of the Orcish Mines.
             The game lasted 00:37:28 (10634 turns).

Armakuni the Destroyer (Demigod Reaver)            Turns: 10634, Time: 00:37:28

Health: -28/73     AC:  7    Str: 17    XL:     10   Next: 59%
Magic:  21/24      EV: 16    Int: 23    God:
Gold:   245        SH:  0    Dex: 12    Spells: 1/12 levels left

rFire   . . .        a - +2 mace (venom)
rCold   . . .        (no shield)
rNeg    . . .        D - +0 troll leather armour
rPois   .            r - +2 helmet {SInv}
rElec   .            (no cloak)
rCorr   .            (no gloves)
SInv    +            (no boots)
Will    +....        A - amulet of the acrobat
Stlth   +            E - +5 ring of evasion
HPRegen 1.12/turn    P - ring of magical power
MPRegen 0.19/turn

%: acrobat
@: no status effects
A: high MP 1, forlorn, divine attributes
a: no special abilities


You were on level 1 of the Orcish Mines.
You visited 2 branches of the dungeon, and saw 10 of its levels.
You also visited: Sewer and Ossuary.

You collected 625 gold pieces.
You spent 380 gold pieces at shops.

Inventory:

Hand Weapons
 a - a +2 mace of venom (weapon)
Missiles
 d - a throwing net
 x - a curare-tipped dart
Armour
 f - a +0 ring mail
 i - a +0 buckler
 r - a +2 helmet of see invisible (worn)
 D - a +0 troll leather armour (worn)
Magical Staves
 b - a staff of conjuration
Jewellery
 A - an amulet of the acrobat (around neck)
 E - a +5 ring of evasion (left hand)
 H - an amulet of reflection
 P - a ring of magical power (right hand)
Wands
 j - a wand of iceblast (14)
 l - a wand of light (5)
 p - a wand of flame (29)
Scrolls
 h - 2 scrolls of noise
 m - 4 scrolls of blinking
 n - a scroll of poison
 o - 2 scrolls of fear
 q - 4 scrolls of teleportation
 u - 5 scrolls of fog
 F - a scroll of immolation
 X - a scroll of brand weapon
Potions
 c - 2 potions of berserk rage
 e - 2 potions of ambrosia
 g - a potion of haste
 k - a potion of flight
 s - 3 potions of heal wounds
 t - 4 potions of curing
 v - 3 potions of magic
 w - 2 potions of might
 z - 3 potions of invisibility
 B - a potion of brilliance {unknown}
 C - a potion of lignification {unknown}


   Skills:
 - Level 1.7 Fighting
 - Level 4.0(5.4) Maces & Flails
 - Level 5.7(6.3) Staves
 - Level 1.7 Dodging
 - Level 1.7 Spellcasting
 - Level 10.0 Conjurations
 + Level 2.0 Transmutations
 - Level 0.2 Ice Magic
 - Level 10.0 Evocations


You had one spell level left.
You knew the following spells:

 Your Spells              Type           Power      Damage    Failure   Level
c - Vhi's Electric Charg  Tloc/Air       4%         N/A       43%         3
h - Hailstorm             Conj/Ice       25%        3d7       6%          3
i - Irradiate             Conj/Tmut      14%        3d16      36%         5

Your spell library contained the following spells:

 Spells                   Type           Power      Damage    Failure   Level
 Kiss of Death            Conj/Necr      100%       2d13      1%          1
 Shock                    Conj/Air       100%       1d9       1%          1
 Momentum Strike          Conj/Tloc      50%        3d9       3%          2
 Sublimation of Blood     Necr           2%         N/A       24%         2
 Inner Flame              Hex/Fire       2%         N/A       43%         3
 Portal Projectile        Hex/Tloc       4%         N/A       43%         3
 Swiftness                Air            2%         N/A       43%         3
 Tukima's Dance           Hex            2%         N/A       43%         3
 Arcjolt                  Conj/Air       12%        1d22      50%         5
 Petrify                  Tmut/Erth      6%         N/A       71%         4
 Airstrike                Air            1%         2d(1-17)  85%         4
 Anguish                  Hex/Necr       1%         N/A       85%         4
 Blade Hands              Tmut           5%         N/A       88%         5
 Yara's Violent Unravell  Hex/Tmut       3%         3d4       96%         5
 Plasma Beam              Fire/Air       1%         2x1d12    100%        6
 Enfeeble                 Hex            1%         N/A       100%        7
 Borgnjor's Revivificati  Necr           1%         N/A       100%        8
 Necromutation            Tmut/Necr      3%         N/A       100%        8
 Death's Door             Necr           1%         N/A       100%        9


Dungeon Overview and Level Annotations

Branches:
Dungeon (9/15)             Temple (0/1) D:6            Lair (0/5) D:8
    Orc (1/2) D:9           Sewer (visited)         Ossuary (visited)

Shops:
D:3 ?   D:8 !   D:9 [((

Annotations:
D:8 1 runed translucent door, NitroKuite's ghost, novice TrFi


Innate Abilities, Weirdness & Mutations

You have an increased reservoir of magic. (+10% MP)
You shall have no god before yourself.
Your divine heritage dramatically boosts your attributes as you level up.


Message History

Confirm with . or Enter, or press ? or * to list all spells.
Casting: Hailstorm (dangerous; 6% risk of failure)
Press: ? - help, Dir - look around, f - activate A cannonade of hail descends around you!
The hail pelts the orc wizard!
Flame seeps out of the orc wizard.
The orc wizard is severely wounded.
The hail pelts the orc!
The hail misses the orc.
The hail pelts the orc priest!
Flame seeps out of the orc priest.
The orc priest is severely wounded.
The hail pelts the orc warrior.
Flame seeps out of the orc warrior.
The orc warrior is lightly wounded.
The hail pelts the orc knight.
Flame seeps out of the orc knight.
The orc knight is lightly wounded.
The orc explodes!
The fiery explosion engulfs the orc!!!
You kill the orc!
The fiery explosion engulfs the orc wizard!!
The fiery explosion engulfs the orc priest!!
The orc priest explodes!
The fiery explosion engulfs the orc knight!!
Flame seeps out of the orc knight.
The orc knight is heavily wounded.
The fiery explosion engulfs the orc!!
The fiery explosion engulfs the orc warrior!
Flame seeps out of the orc warrior.
The orc warrior is heavily wounded.
The fiery explosion engulfs the orc priest!
The orc priest explodes!
The fiery explosion engulfs the orc wizard!
Flame seeps out of the orc wizard.
The orc wizard is severely wounded.
The fiery explosion engulfs you!!!
Ouch! That really hurt!
* * * LOW HITPOINT WARNING * * *
The orc explodes!
The fiery explosion engulfs the orc warrior!!!
The fiery explosion engulfs the orc wizard!!
The orc wizard explodes!
The fiery explosion engulfs you!!!
You die...

....#.### ....
........###....
.........#.......
...o....... ....
#...o...# #.#...
#.o○§§.##...#..
..###§○§§§#.#.....
.....)§○§○.........
......###@§.....#
...... #....$.##
..... ####.....##
#..#. ##.#.......#
#### #....<.....#
##.......#.....
#.......## ....
#.......## ..#
###......# .


You could see an orc knight (inner flame) and 2 orcs.

Vanquished Creatures
  Pikel (D:7)
  A kobold demonologist (D:9)
  2 hornets (D:9)
  Prince Ribbit (D:7)
  A troll (D:9)
  Grinder (Sewer)
  Sigmund (D:2)
  A wraith (D:9)
  Grum (D:6)
  Eustachio (D:6)
  Edmund (D:4)
  3 wargs (D:8)
  3 orc warriors
  3 ice beasts
  A black bear (D:8)
  An ogre (D:4)
  A centaur (D:8)
  3 phantoms
  3 kobold brigands
  2 bullfrogs
  A gnoll sergeant (D:6)
  3 necrophages (D:8)
  2 wyvern zombies (D:8)
  3 scorpions
  A wight (Sewer)
  19 killer bees
  A howler monkey (D:6)
  3 centaur zombies
  7 crimson imps (D:8)
  7 hounds
  3 jellies
  A gnoll bouda (D:7)
  8 orc priests
  3 mummies (Ossuary)
  5 iguanas
  11 orc wizards
  3 killer bee zombies
  2 howler monkey zombies
  17 gnolls
  3 river rats (D:6)
  13 adders
  2 shadow imps
  3 white imps
  5 ufetubi
  6 worms
  A dart slug (D:3)
  37 orcs
  8 endoplasms
  3 giant cockroaches
  10 goblins
  6 hobgoblins
  12 jackals
  32 kobolds
  4 quokkas
  12 ball pythons
  5 bats
  4 frilled lizards
  A goblin zombie (D:5)
  A kobold zombie (Sewer)
  11 rats
  A rat zombie (D:5)
  A bush (D:8)
313 creatures vanquished.

Vanquished Creatures (others)
  2 bushes (D:8)
  13 plants (D:8)
  5 withered plants (Ossuary)
20 creatures vanquished.

Grand Total: 333 creatures vanquished

Notes
Turn   | Place    | Note
-------+----------+-------------------------------------------
     0 | D:1      | Armakuni the Demigod Reaver began the quest for the Orb.
     0 | D:1      | Reached XP level 1. HP: 17/17 MP: 5/5
   163 | D:1      | Reached XP level 2. HP: 24/24 MP: 7/7
   707 | D:2      | Reached XP level 3. HP: 28/29 MP: 8/8
   711 | D:2      | Learned a level 3 spell: Hailstorm
  1191 | D:2      | Reached skill level 1 in Staves
  1592 | D:2      | Noticed Sigmund
  1610 | D:2      | Killed Sigmund
  1611 | D:2      | Reached XP level 4. HP: 31/36 MP: 7/9
  1611 | D:2      | Reached XP level 5. HP: 36/41 MP: 7/10
  1891 | D:3      | Found The Oracle's Delphic Readings.
  2108 | D:3      | You fall into a shaft and drop 2 floors!
  2108 | D:5      | Entered Level 5 of the Dungeon
  2121 | D:5      | Noticed an ice beast
  2134 | D:5      | Killed an ice beast
  2135 | D:5      | Reached XP level 6. HP: 28/47 MP: 11/11
  2618 | D:5      | Reached skill level 5 in Conjurations
  2668 | D:5      | Found a sand-covered staircase.
  2675 | Ossuary  | Entered an ossuary
  2698 | Ossuary  | Reached XP level 7. HP: 48/49 MP: 12/12
  3530 | D:4      | Reached skill level 5 in Staves
  3835 | D:4      | Noticed Edmund
  3846 | D:4      | Killed Edmund
  4373 | D:3      | Bought a scroll of blinking for 82 gold pieces
  4373 | D:3      | Bought a scroll of blinking for 82 gold pieces
  4373 | D:3      | Bought a scroll of fear for 44 gold pieces
  4373 | D:3      | Bought a scroll of teleportation for 33 gold pieces
  4373 | D:3      | Bought a scroll of identify for 22 gold pieces
  4808 | D:6      | Reached XP level 8. HP: 55/60 MP: 13/13
  4994 | D:6      | Found a glowing drain.
  5009 | Sewer    | Entered a sewer
  5441 | Sewer    | Noticed Grinder
  5457 | Sewer    | Killed Grinder
  5740 | D:6      | Noticed Eustachio
  5753 | D:6      | Killed Eustachio
  5938 | D:6      | Learned a level 5 spell: Irradiate
  6018 | D:6      | Reached XP level 9. HP: 47/67 MP: 6/14
  6369 | D:6      | Found a staircase to the Ecumenical Temple.
  6517 | D:6      | Noticed Grum
  6526 | D:6      | Killed Grum
  6527 | D:6      | Reached skill level 10 in Conjurations
  6527 | D:6      | Reached skill level 1 in Evocations
  6751 | D:7      | Noticed Pikel
  6756 | D:7      | Killed Pikel
  6857 | D:7      | Identified the +1 war axe "Lollohoo" {heavy, *Rage rCorr
                  | Str+2 SInv}
  7282 | D:7      | Reached skill level 5 in Evocations
  7530 | D:7      | Noticed Prince Ribbit
  7543 | D:7      | Killed Prince Ribbit
  8621 | D:8      | Learned a level 3 spell: Vhi's Electric Charge
  8668 | D:8      | Found Hifymue's Distillery.
  8672 | D:8      | Bought a potion of heal wounds for 65 gold pieces
  8672 | D:8      | Bought a potion of curing for 39 gold pieces
  8672 | D:8      | Bought a potion of degeneration for 13 gold pieces
  8738 | D:8      | Reached XP level 10. HP: 73/73 MP: 15/15
  8770 | D:8      | Found a staircase to the Lair.
  8941 | D:8      | Noticed NitroKuite's ghost (novice TrFi)
  8942 | D:8      | Found a runed translucent door.
  9542 | D:9      | Found Dorphoal's Weapon Emporium.
  9561 | D:9      | Found Zouxiqiyja's Armour Shoppe.
  9563 | D:9      | Found a staircase to the Orcish Mines.
  9569 | D:9      | Found Jeridaeb's Weapon Shoppe.
  9840 | D:9      | HP: 3/73 [poisoned by a killer bee]
  9843 | D:9      | HP: 1/73 [poisoned by a killer bee]
 10110 | D:9      | Reached skill level 10 in Evocations
 10110 | D:9      | Reached skill level 1 in Transmutations
 10611 | Orc:1    | Entered Level 1 of the Orcish Mines
 10627 | Orc:1    | Noticed an orc knight
 10634 | Orc:1    | Killed by an exploding orc wizard... ignited by their inner
                  | flame

Illustrated notes

Levels and vault maps discovered:
D:1:      shiori_arrival_elements, layout_basic
D:2:      layout_basic, uniq_sigmund
D:3:      layout_basic, shapermc_ecumenical_altar_venn,
          nicolae_nh_oracle_at_delphi
D:4:      layout_basic, uniq_edmund
D:5:      layout_loops_ring, nicolae_overflow_hidden_temple, enter_ossuary_4,
          nicolae_underground_beach
D:6:      layout_cave_pools, ashenzari_altar_1,
          minmay_temple_entry_from_below_a, serial_gnoll_camp,
          gnoll_camp_mini_hut, gnoll_camp_mini_loothouse, gnoll_camp_mini_hut,
          grums_kennel, lightli_sewer_entry_pipes,
          minmay_misc_feat_four_crosses, lightli_corner_chamber, uniq_eustachio
D:7:      wander_river, layout_basic, grunt_dithmenos_shadows,
          uniq_prince_ribbit1, uniq_pikel
D:8:      layout_rooms, fedhas_altar_decomposition, erik_lair_orcish_takeover,
          hellmonk_ghost_happy_afterlife, serial_shops, shop, minmay_nine_imps
D:9:      layout_layer_cave, orc_david_3, serial_shops,
          nicolae_shop_real_fake_doors, enter_bailey_7
Orc:1:    layout_diamond_mine, serial_shops, nicolae_shop_advertising_works
          [nicolae_subvault_shop_adworks]

Skill      XL: |  1  2  3  4  5  6  7  8  9 10 |
---------------+-------------------------------+-----
Maces & Flails | 3 4 |  4.0
Staves         | 2 3 4 5 |  5.7
Conjurations   | 4 5 6 9 10 | 10.0
Evocations     | 7 10 | 10.0
Transmutations | 2 |  2.0
Fighting       | |  1.7
Dodging        | |  1.7
Spellcasting   | |  1.7
Ice Magic      | |  0.2

Action                     |  1- 3 |  4- 6 |  7- 9 | 10-12 || total
---------------------------+-------+-------+-------+-------++-------
  Melee: Mace              |    97 |   108 |   494 |    96 ||   795
         Dagger            |    33 |       |       |       ||    33
         Punch             |     1 |     2 |     2 |       ||     5
         Staff             |       |       |       |    46 ||    46
   Cast: Kiss of Death     |     1 |     3 |       |       ||     4
         Hailstorm         |       |     1 |    59 |    37 ||    97
  Evoke: Wand              |       |     2 |    26 |     1 ||    29
    Use: Scroll            |     6 |     2 |     9 |     3 ||    20
         Potion            |       |       |     3 |     1 ||     4
   Stab: Paralysed         |       |       |     6 |       ||     6
         Invisible         |       |       |     2 |       ||     2
 Armour: Leather armour    |    23 |    19 |   145 |    13 ||   200
         Troll leather arm |       |       |       |    28 ||    28
  Dodge: Dodged            |   100 |    92 |   527 |   190 ||   909
